[Event "Titled Tuesday Blitz March 21 Early 2023"]
[White "Hernandez Leon, Alberto"]
[Black "Samunenkov, Ihor"]
[WhiteFideId "2272555"]
[BlackFideId "14187086"]
[WhiteElo "2239"]
[BlackElo "2457"]
[Result "0-1"]
[Round "02"]
[TimeControl "180+2"]
[Date "2023.03.21"]
[WhiteClock "0:00:02"]
[BlackClock "0:00:04"]

1. d4 Nf6 2. c4 e6 3. Nf3 d5 4. g3 Be7 5. Bg2 O-O 6. O-O c6 7. Qc2 b6 8. Nbd2 Bb7 9. e4 Na6 10. e5 Nd7 11. a3 c5 12. dxc5 bxc5 13. cxd5 exd5 14. Rd1 Nc7 15. Nf1 d4 16. Ng5 Bxg5 17. Bxb7 Rb8 18. Be4 Bxc1 19. Raxc1 g6 20. b4 Ne6 21. bxc5 Ndxc5 22. f4 Qb6 23. Kh1 Nxe4 24. Qxe4 Rfd8 25. f5 Ng5 26. Qg2 gxf5 27. Nd2 d3 28. Rf1 Qe3 29. Rce1 Qd4 30. Rxf5 Ne6 31. Qf3 Rb2 32. Ne4 d2 33. Nf6+ Kh8 34. Rd1 Ng7 35. Rh5 Nxh5 36. Qxh5 Kg7 37. Qxh7+ Kf8 38. Qh8+ Ke7 39. Qg7 Qd3 40. Ng8+ Rxg8 41. Qf6+ Ke8 42. e6 Qe4+ 43. Kg1 Qxe6 44. Qxb2 Qe3+ 45. Kf1 Qf3+ 46. Kg1 Qxd1+ 47. Kg2 Qe2+ 0-1


[Site "https://www.chess.com"]

[Event "Titled Tuesday Blitz March 21 Early 2023"]
[White "Zaichenko, Daria"]
[Black "Cherniaiev, Tykhon"]
[WhiteFideId "4197453"]
[BlackFideId "14182360"]
[WhiteElo "2039"]
[BlackElo "2450"]
[Result "0-1"]
[Round "02"]
[TimeControl "180+2"]
[Date "2023.03.21"]
[WhiteClock "0:00:01"]
[BlackClock "0:00:18"]

1. e4 e5 2. Nf3 Nc6 3. Bc4 Nf6 4. d3 Bc5 5. O-O O-O 6. Re1 d5 7. exd5 Nxd5 8. Nxe5 Nxe5 9. Rxe5 Be6 10. Bxd5 Bxd5 11. c4 Bxf2+ 12. Kh1 Bxc4 13. Qf3 Bd4 14. Re1 Bd5 15. Qg3 Re8 16. Nc3 Bc6 17. Bf4 Qf6 18. Ne4 Qg6 19. Qxg6 hxg6 20. Bxc7 Bxb2 21. Rad1 Rac8 22. Bg3 Rcd8 23. Kg1 Bb5 24. Nd6 Rxe1+ 25. Rxe1 Bc6 26. Rb1 Bd4+ 27. Kf1 Rd7 28. Rb3 a5 29. Ke2 a4 30. Rb1 Bxg2 31. Rc1 Bc6 32. Rc4 Bf6 33. Kd2 Be7 34. Nc8 Bg5+ 35. Kc2 Bb5 36. Rc3 Bf6 0-1


[Site "https://www.chess.com"]

[Event "Titled Tuesday Blitz March 21 Early 2023"]
[White "Seo, Jung Min"]
[Black "Lesbekova, Assel"]
[WhiteFideId "1734687"]
[BlackFideId "13713248"]
[WhiteElo "2468"]
[BlackElo "1799"]
[Result "1-0"]
[Round "02"]
[TimeControl "180+2"]
[Date "2023.03.21"]
[WhiteClock "0:01:06"]
[BlackClock "0:00:03"]

1. d4 f5 2. Nd2 d5 3. Ngf3 Nf6 4. Ne5 c5 5. c3 Nc6 6. Ndf3 e6 7. g3 Bd6 8. Bf4 O-O 9. Bg2 Ne4 10. O-O Bc7 11. e3 Nb8 12. h4 Nd7 13. Re1 h6 14. Nxd7 Bxd7 15. Bxc7 Qxc7 16. Ne5 Nf6 17. Rc1 Be8 18. c4 cxd4 19. Qxd4 dxc4 20. Rxc4 Qa5 21. Rec1 Rd8 22. Qc3 Qxc3 23. R4xc3 Rd2 24. R3c2 Rxc2 25. Rxc2 Nd7 26. Nxd7 Bxd7 27. Rc7 Bc6 28. Bxc6 bxc6 29. Rxa7 Rb8 30. b3 Rb6 31. Re7 c5 32. Rc7 Ra6 33. a4 Rb6 34. Rxc5 Rxb3 35. Rc6 Kf7 36. a5 Ra3 37. a6 Kf6 38. Kg2 g5 39. h5 g4 40. Kf1 Ra2 41. Ke1 Ke5 42. Rb6 Kd5 43. Kd1 Ke4 44. Rxe6+ Kd3 45. Rd6+ Ke4 46. Rxh6 Rxf2 47. Re6+ Kd3 48. Kc1 Ra2 49. h6 1-0


[Site "https://www.chess.com"]

[Event "Titled Tuesday Blitz March 21 Early 2023"]
[White "Volkov, Sergey"]
[Black "sebastianmarinp"]
[WhiteFideId "4122763"]
[WhiteElo "2401"]
[BlackElo "2277"]
[Result "1/2-1/2"]
[Round "02"]
[TimeControl "180+2"]
[Date "2023.03.21"]
[WhiteClock "0:00:05"]
[BlackClock "0:00:02"]

1. d4 Nf6 2. c4 e6 3. Nc3 Bb4 4. f3 c5 5. d5 b5 6. e4 bxc4 7. Bxc4 Nxd5 8. Bxd5 exd5 9. Qxd5 O-O 10. Qxa8 Nc6 11. Ne2 Qh4+ 12. g3 Qh5 13. O-O Ba6 14. Qxf8+ Kxf8 15. Rf2 Nd4 16. Nf4 Nxf3+ 17. Kg2 Ne1+ 18. Kh1 Qe5 19. Bd2 Bxc3 20. Bxc3 Qxe4+ 21. Kg1 Nf3+ 22. Kg2 Nd4+ 23. Kh3 d6 24. Re1 Bc8+ 25. g4 Qc6 26. Bxd4 cxd4 27. Kg3 Kg8 28. h3 h6 29. Rd2 d5 30. Rxd4 Be6 31. Rd3 Qd6 32. Kf3 Bd7 33. Rd4 Bc6 34. Red1 Qc5 35. R1d2 Qa5 36. a3 Qc5 37. Kg2 Kh7 38. Kf2 Qe7 39. Kg2 Qf6 40. Nxd5 Qe5 41. Kg1 Qe1+ 42. Kg2 Qe5 43. Kg1 Qe1+ 44. Kg2 Qe5 1/2-1/2


[Site "https://www.chess.com"]

[Event "Titled Tuesday Blitz March 21 Early 2023"]
[White "Pniaczek, Marek"]
[Black "Kosteniuk, Alexandra"]
[WhiteFideId "21800421"]
[BlackFideId "4128125"]
[WhiteElo "2138"]
[BlackElo "2453"]
[Result "0-1"]
[Round "02"]
[TimeControl "180+2"]
[Date "2023.03.21"]
[WhiteClock "0:00:02"]
[BlackClock "0:00:58"]

1. e4 c5 2. Nf3 Nc6 3. d4 cxd4 4. Nxd4 Nf6 5. Nc3 e5 6. Ndb5 d6 7. Bg5 a6 8. Bxf6 gxf6 9. Na3 b5 10. Nd5 f5 11. g3 f4 12. gxf4 exf4 13. Nxf4 Bg7 14. c3 Qh4 15. Qf3 Bh6 16. Nd5 Ne5 17. Qg2 Bg4 18. Be2 Bxe2 19. Kxe2 O-O-O 20. f3 Kb7 21. Rad1 f5 22. Qg1 Nd7 23. Qf2 Qxf2+ 24. Kxf2 fxe4 25. fxe4 Rhf8+ 26. Ke2 Rde8 27. Kd3 Nc5+ 28. Kc2 Rxe4 29. Rhe1 Rf2+ 30. Kb1 Rxe1 31. Rxe1 Rxb2+ 32. Kxb2 Nd3+ 33. Kb3 Nxe1 0-1


[Site "https://www.chess.com"]

[Event "Titled Tuesday Blitz March 21 Early 2023"]
[White "monkins"]
[Black "Preotu, Razvan"]
[BlackFideId "2613280"]
[WhiteElo "2232"]
[BlackElo "2407"]
[Result "1-0"]
[Round "02"]
[TimeControl "180+2"]
[Date "2023.03.21"]
[WhiteClock "0:00:06"]
[BlackClock "0:00:05"]

1. Nf3 c5 2. c4 Nf6 3. Nc3 d5 4. cxd5 Nxd5 5. d4 Nxc3 6. bxc3 g6 7. h4 Bg7 8. h5 Nc6 9. h6 Bf6 10. e3 O-O 11. Be2 Bg4 12. Qa4 a6 13. Bd2 b5 14. Qa3 b4 15. cxb4 cxd4 16. Rd1 Qb6 17. O-O Rfd8 18. Nxd4 Rxd4 19. f3 Rxd2 20. Rxd2 Be6 21. Rfd1 Bg5 22. Kf2 Bxh6 23. g3 Qxb4 24. Qxb4 Nxb4 25. Rd8+ Rxd8 26. Rxd8+ Bf8 27. a3 Nc6 28. Ra8 a5 29. Bb5 Bd7 30. Ra6 Nb8 31. Rxa5 e6 32. a4 Bd6 33. Ra8 Kg7 34. Bxd7 Nxd7 35. Rd8 Kf6 36. Rxd7 Bb4 37. Rb7 Bc3 38. Rb5 Ke7 39. a5 Kd6 40. a6 Kc6 41. Rb3 1-0


[Site "https://www.chess.com"]

[Event "Titled Tuesday Blitz March 21 Early 2023"]
[White "Ardila, Oscar Humberto"]
[Black "Csonka, Balazs"]
[WhiteFideId "4404742"]
[BlackFideId "742910"]
[WhiteElo "1911"]
[BlackElo "2404"]
[Result "0-1"]
[Round "02"]
[TimeControl "180+2"]
[Date "2023.03.21"]
[WhiteClock "0:00:46"]
[BlackClock "0:00:13"]

1. d4 Nf6 2. Nf3 g6 3. c4 Bg7 4. Nc3 O-O 5. e3 d5 6. Be2 c5 7. dxc5 Na6 8. O-O dxc4 9. c6 Qc7 10. Nd4 e5 11. cxb7 Bxb7 12. Ndb5 Qc6 13. Bf3 e4 14. Be2 Nb4 15. Nd4 Qc8 16. Ncb5 Rd8 17. Bd2 Nd3 18. Bc3 a6 19. Na3 Nd5 20. Nac2 Nxc3 21. bxc3 a5 22. Qd2 Qc5 23. Rab1 Ba6 24. f3 Bh6 25. fxe4 Qg5 26. Rf3 Ne5 27. Rg3 Qh4 28. Nf3 Nxf3+ 29. Bxf3 Rxd2 30. Na3 Bxe3+ 31. Kh1 Rad8 32. e5 Bc5 33. Nb5 Bxb5 34. e6 fxe6 35. Rh3 Qf4 0-1


[Site "https://www.chess.com"]

[Event "Titled Tuesday Blitz March 21 Early 2023"]
[White "Fernandez Guillen, Ernesto J."]
[Black "Putri, Regita Desyari"]
[WhiteFideId "3512428"]
[BlackFideId "7109083"]
[WhiteElo "2423"]
[BlackElo "1930"]
[Result "1-0"]
[Round "02"]
[TimeControl "180+2"]
[Date "2023.03.21"]
[WhiteClock "0:02:38"]
[BlackClock "0:00:03"]

1. e4 e5 2. Nf3 Nc6 3. d4 exd4 4. Bc4 Nf6 5. O-O Nxe4 6. Re1 d5 7. Bxd5 Qxd5 8. Nc3 Qh5 9. Nxe4 Be6 10. Bg5 Be7 11. Bxe7 Nxe7 12. Nxd4 Qxd1 13. Raxd1 a6 14. Nxe6 fxe6 15. Nc5 O-O 16. Nxe6 Rfc8 17. Rd7 Kf7 18. Ng5+ Kf6 19. Nxh7+ Kg6 20. Rexe7 Rg8 21. Rxc7 Kxh7 22. Rxb7 Rad8 23. h3 1-0


[Site "https://www.chess.com"]

[Event "Titled Tuesday Blitz March 21 Early 2023"]
[White "Adithya A Chullikkad"]
[Black "Bolourchifard, Farzad"]
[WhiteFideId "45078734"]
[BlackFideId "12510084"]
[WhiteElo "1984"]
[BlackElo "2317"]
[Result "0-1"]
[Round "02"]
[TimeControl "180+2"]
[Date "2023.03.21"]
[WhiteClock "0:00:07"]
[BlackClock "0:00:20"]

1. e4 e5 2. Nf3 Nc6 3. Bc4 Bc5 4. O-O Nf6 5. c3 d6 6. d4 Bb6 7. dxe5 Nxe5 8. Nxe5 dxe5 9. Qxd8+ Kxd8 10. Bg5 Ke7 11. Nd2 Be6 12. Bxe6 Kxe6 13. Bxf6 gxf6 14. Nc4 Bc5 15. b4 Be7 16. Rad1 Rhd8 17. Ne3 Rxd1 18. Rxd1 a5 19. Nf5 Bf8 20. b5 a4 21. f3 Bc5+ 22. Kf1 a3 23. Ke2 Bf8 24. Ne3 Ra5 25. Nd5 Bd6 26. b6 c6 27. Nxf6 Rb5 28. Nh5 Bf8 29. Rd8 Rb2+ 30. Kd3 Ke7 31. Rb8 Rxb6 32. Ra8 Rb2 33. Ng3 f6 34. Rxa3 Rxg2 35. Rb3 b5 36. a4 bxa4 37. Rb7+ Kd6 38. Nf5+ Kc5 39. Rf7 Bd6 40. Rxf6 a3 41. Rf7 a2 42. Ra7 Kb6 43. Ra4 Kb5 44. Ra8 Bc5 45. f4 exf4 46. e5 f3 47. Nd6+ Kb6 48. Rb8+ Ka7 49. Rb7+ Ka6 50. e6 a1=Q 51. e7 Qd1+ 52. Kc4 Qd5# 0-1


[Site "https://www.chess.com"]

[Event "Titled Tuesday Blitz March 21 Early 2023"]
[White "Aradhya, Garg"]
[Black "Prado, Alexandra"]
[WhiteFideId "25006746"]
[BlackFideId "3301346"]
[WhiteElo "2263"]
[BlackElo "1759"]
[Result "1-0"]
[Round "02"]
[TimeControl "180+2"]
[Date "2023.03.21"]
[WhiteClock "0:01:24"]
[BlackClock "0:00:04"]

1. d4 Nf6 2. c4 g6 3. Nf3 Bg7 4. g3 O-O 5. Bg2 d6 6. Nc3 Nc6 7. O-O a6 8. Bf4 Rb8 9. Rc1 Bd7 10. Nd5 Nxd5 11. cxd5 Na7 12. Qd2 e6 13. dxe6 Bxe6 14. d5 Bf5 15. Bh6 c5 16. dxc6 bxc6 17. Bxg7 Kxg7 18. Qd4+ Qf6 19. Qxa7 Rxb2 20. Qxa6 c5 21. Rfd1 Rd8 22. a4 Bc8 23. Qa5 Rxe2 24. Rxc5 Rde8 25. Rcc1 Bg4 26. Qc3 Qxc3 27. Rxc3 Bxf3 28. Bxf3 Re1+ 29. Rxe1 Rxe1+ 30. Kg2 Ra1 31. Bc6 d5 32. Rd3 1-0


[Site "https://www.chess.com"]

[Event "Titled Tuesday Blitz March 21 Early 2023"]
[White "Daneshvar, Bardiya"]
[Black "Rose, Felix"]
[WhiteFideId "12576468"]
[BlackFideId "5105722"]
[WhiteElo "2468"]
[BlackElo "2039"]
[Result "1-0"]
[Round "02"]
[TimeControl "180+2"]
[Date "2023.03.21"]
[WhiteClock "0:01:08"]
[BlackClock "0:00:01"]

1. b3 e5 2. Bb2 Nc6 3. e3 Nf6 4. Bb5 Bd6 5. Na3 Na5 6. Be2 c6 7. c4 Qe7 8. Nc2 c5 9. g4 h6 10. h4 Nc6 11. Rh3 Bc7 12. g5 Ng8 13. Bg4 hxg5 14. hxg5 Rxh3 15. Nxh3 e4 16. Nf4 Qxg5 17. Nd5 Be5 18. Bxe5 Nxe5 19. Nc7+ Kd8 20. Nxa8 Nxg4 21. d4 Qh4 22. Qe2 Qh1+ 23. Kd2 Qf3 24. Qxf3 exf3 25. dxc5 N8f6 26. Nd4 Nxf2 27. Nxf3 N2e4+ 28. Kc2 Nxc5 29. Ne5 d6 30. Nxf7+ Ke7 31. Ng5 Bf5+ 32. Kb2 Kd7 33. Rd1 b6 34. Nf7 Be4 35. Nxd6 Bxa8 36. Nf5+ Ke6 37. Nxg7+ Ke5 38. b4 Nce4 39. Rd8 Bc6 40. b5 Bd7 41. Ra8 Be6 42. Nxe6 Kxe6 43. Rxa7 Nd7 44. Kc2 Nec5 45. a4 Ne5 46. Kc3 Ne4+ 47. Kd4 Nd6 48. Rc7 Nf3+ 49. Kc3 Ne5 50. Kb3 1-0


[Site "https://www.chess.com"]

[Event "Titled Tuesday Blitz March 21 Early 2023"]
[White "Jaskolka, Tomasz"]
[Black "Timofeev, Artyom"]
[WhiteFideId "1170791"]
[BlackFideId "4140419"]
[WhiteElo "2155"]
[BlackElo "2586"]
[Result "1-0"]
[Round "02"]
[TimeControl "180+2"]
[Date "2023.03.21"]
[WhiteClock "0:00:11"]
[BlackClock "0:00:46"]

1. d4 d5 2. Bf4 Nf6 3. e3 e6 4. c3 Bd6 5. Bg3 b6 6. Nd2 Bb7 7. Ngf3 O-O 8. Bd3 Ne4 9. Ne5 Nd7 10. Qf3 f5 11. Qe2 Nxg3 12. hxg3 Bxe5 13. dxe5 Nxe5 14. Bc2 a5 15. g4 Nxg4 16. O-O-O Ne5 17. g4 Ba6 18. c4 dxc4 19. gxf5 Nd3+ 20. Kb1 Qf6 21. Bxd3 cxd3 22. Qh5 Qxf5 23. Qh4 h6 24. Rdg1 Rf6 25. Ne4 Rg6 26. Ng3 Qxf2 27. Qe4 Rxg3 28. Qxa8+ Kh7 29. Rxg3 Qxg3 30. Qxa6 Qxe3 31. Rd1 h5 32. Qxd3+ Qxd3+ 33. Rxd3 h4 34. Kc2 g5 35. Kd2 Kg6 36. Ke2 Kf5 37. Rd7 c5 38. Rb7 g4 39. Rxb6 h3 40. Kf2 e5 41. Kg3 e4 42. Rb3 h2 43. Kxh2 Kf4 44. Kg2 e3 45. Rc3 Ke4 46. Rxc5 Kd3 47. Rxa5 e2 48. Rd5+ Ke4 49. Rd8 Ke3 50. Re8+ Kd2 51. a4 e1=Q 52. Rxe1 Kxe1 53. a5 Kd2 54. a6 1-0


[Site "https://www.chess.com"]

[Event "Titled Tuesday Blitz March 21 Early 2023"]
[White "Petukhov, Dmitry"]
[Black "Jones, Gawain C B"]
[WhiteFideId "4142748"]
[BlackFideId "409561"]
[WhiteElo "2311"]
[BlackElo "2645"]
[Result "1-0"]
[Round "02"]
[TimeControl "180+2"]
[Date "2023.03.21"]
[WhiteClock "0:00:37"]
[BlackClock "0:00:02"]

1. e4 e5 2. Nf3 Nc6 3. Bb5 a6 4. Ba4 Nf6 5. O-O d6 6. c4 Bg4 7. Nc3 Nd7 8. Bxc6 bxc6 9. h3 Bxf3 10. Qxf3 Nc5 11. Ne2 Ne6 12. d3 Be7 13. Be3 Rb8 14. b3 c5 15. Qg3 Bh4 16. Qh2 O-O 17. f4 exf4 18. Nxf4 Bg5 19. Rf3 Bxf4 20. Bxf4 Nd4 21. Rf2 Qd7 22. e5 Rbd8 23. Raf1 Ne6 24. exd6 cxd6 25. Qg3 d5 26. Be5 dxc4 27. dxc4 Qd3 28. Rf3 Qg6 29. Qf2 Rd3 30. Rxd3 Qxd3 31. Bb2 f6 32. Re1 Nd4 33. Bxd4 cxd4 34. Qe2 Qg3 35. Qe6+ Kh8 36. Re4 d3 37. Rd4 h6 38. Qd6 Qe1+ 39. Kh2 Re8 40. Rxd3 Re2 41. Qb8+ Kh7 42. Rd8 Qf2 43. Rh8+ Kg6 44. Qg3+ Qxg3+ 45. Kxg3 Rxa2 46. Ra8 Rb2 47. Rb8 Kf5 48. Kf3 h5 49. g4+ hxg4+ 50. hxg4+ Kg5 51. Rb6 Kh4 52. c5 Rc2 53. c6 a5 54. Kf4 Rc5 55. Ra6 g5+ 56. Kf3 Rc3+ 57. Ke4 Kxg4 58. Kd5 f5 59. Rxa5 f4 60. Rc5 Rd3+ 61. Ke4 Re3+ 62. Kd4 Re8 63. c7 Rc8 64. b4 f3 65. Ke3 Kg3 66. Rxg5+ Kh2 67. Rg7 Rf8 68. Kf2 Kh3 69. b5 Kh4 70. b6 Ra8 71. b7 1-0


[Site "https://www.chess.com"]

[Event "Titled Tuesday Blitz March 21 Early 2023"]
[White "Pichot, Alan"]
[Black "Vaglio Munoz, Jaime"]
[WhiteFideId "110973"]
[BlackFideId "6500145"]
[WhiteElo "2573"]
[BlackElo "2199"]
[Result "0-1"]
[Round "02"]
[TimeControl "180+2"]
[Date "2023.03.21"]
[WhiteClock "0:00:19"]
[BlackClock "0:00:15"]

1. e4 c6 2. Nf3 d5 3. Nc3 dxe4 4. Nxe4 Bg4 5. h3 Bh5 6. Bc4 e6 7. c3 Nf6 8. Nxf6+ Qxf6 9. d4 Bxf3 10. Qxf3 Qxf3 11. gxf3 Nd7 12. Be3 Nb6 13. Bb3 Nd5 14. Ke2 g6 15. a4 a5 16. Rae1 Kd7 17. Kd3 Bd6 18. Bd2 Nf4+ 19. Kc2 g5 20. Re4 f5 21. Ree1 Rae8 22. h4 h6 23. hxg5 hxg5 24. Rxh8 Rxh8 25. Bxf4 Bxf4 26. Bxe6+ Kd6 27. Bxf5 Rh2 28. Re2 Bg3 29. Kd3 Rxf2 30. Re6+ Kc7 31. Re7+ Kd8 32. Rxb7 Rxf3+ 33. Ke4 Rf4+ 34. Ke5 g4 35. Ke6 Rf2 36. Bxg4 Kc8 37. Rb3 Kc7 38. Bf5 Re2+ 39. Kf6 Bf4 40. Bd3 Rf2 41. Ke6 Bc1 42. d5 cxd5 43. Rb5 Rxb2 44. Rxa5 Ra2 45. Kxd5 Bd2 46. Kd4 Ra3 47. Rc5+ Kd6 48. Rc4 Be1 49. Be4 Bf2+ 50. Kd3 Bc5 51. Bg6 Rb3 52. Be8 Ra3 53. Bb5 Ra2 54. Rh4 Ra3 55. Kc4 Bf2 56. Rh6+ Kc7 57. Kb4 Ra1 58. Rh7+ Kd6 59. Rd7+ Ke6 60. Rd2 Be1 61. Re2+ Kd6 62. a5 Rc1 63. Re3 Kc7 64. Re7+ Kc8 65. Re3 Kc7 66. a6 Ra1 67. Kc5 Bf2 0-1


[Site "https://www.chess.com"]

[Event "Titled Tuesday Blitz March 21 Early 2023"]
[White "Aditya Mittal"]
[Black "Bernat, David"]
[WhiteFideId "35042025"]
[BlackFideId "2099225"]
[WhiteElo "2396"]
[BlackElo "2463"]
[Result "1-0"]
[Round "02"]
[TimeControl "180+2"]
[Date "2023.03.21"]
[WhiteClock "0:00:13"]
[BlackClock "0:00:06"]

1. d4 d5 2. c4 e5 3. dxe5 d4 4. Nf3 Nc6 5. a3 Nge7 6. e3 Bg4 7. Be2 dxe3 8. Qxd8+ Rxd8 9. Bxe3 Ng6 10. h3 Be6 11. Ng5 Ngxe5 12. Nxe6 fxe6 13. f4 Nd3+ 14. Bxd3 Rxd3 15. Ke2 Rd7 16. Nc3 Be7 17. Ne4 Nd4+ 18. Kf2 Nc2 19. Rad1 Nxe3 20. Kxe3 b6 21. b4 a5 22. c5 axb4 23. axb4 bxc5 24. bxc5 Rd5 25. Rc1 O-O 26. Rhd1 Rfd8 27. Rxd5 exd5 28. Ng5 Bxg5 29. fxg5 c6 30. Rb1 Rd7 31. Rb6 Rc7 32. Kd4 Kf7 33. g4 Ke6 34. h4 Kd7 35. Ke5 Ra7 36. Rb4 Kc7 37. Rf4 Ra3 38. Rf7+ Kd8 39. Rxg7 Re3+ 40. Kd6 d4 41. Kxc6 d3 42. Rd7+ Kc8 43. Rd4 Re6+ 44. Kd5 Re3 45. Kc4 Rh3 46. h5 Rg3 47. g6 hxg6 48. hxg6 Rf3 49. g7 1-0


[Site "https://www.chess.com"]

[Event "Titled Tuesday Blitz March 21 Early 2023"]
[White "Spitzl, Vinzent"]
[Black "Albornoz Cabrera, Carlos Daniel"]
[WhiteFideId "12901253"]
[BlackFideId "3518736"]
[WhiteElo "2225"]
[BlackElo "2501"]
[Result "0-1"]
[Round "02"]
[TimeControl "180+2"]
[Date "2023.03.21"]
[WhiteClock "0:00:04"]
[BlackClock "0:00:20"]

1. e4 c6 2. Nf3 d5 3. Nc3 dxe4 4. Nxe4 Nf6 5. Qe2 Nxe4 6. Qxe4 Qa5 7. b4 Qf5 8. Qe3 Qxc2 9. Bd3 Qa4 10. a3 Qb3 11. O-O Qe6 12. Bb2 Qxe3 13. dxe3 f6 14. Rfd1 e5 15. h3 Be6 16. Nd2 Nd7 17. b5 Nc5 18. Be2 Na4 19. Rdb1 O-O-O 20. Nf1 Nxb2 21. Rxb2 cxb5 22. Bxb5 a6 23. Rc1+ Kb8 24. Bxa6 Bc8 25. Rcb1 Rd7 26. a4 Ba3 27. Rb3 Bc5 28. Ng3 Rc7 29. Ne4 Be7 30. Nc3 Rd8 31. Be2 Bf5 32. R1b2 Be6 33. Rb5 Ba3 34. Rb1 Rxc3 35. Rxb7+ Ka8 36. Bf3 Bd5 37. Bxd5 Rxd5 38. Rb8+ Ka7 39. R1b7+ Ka6 40. Rb6+ Ka5 41. R6b7 Kxa4 42. Ra8+ Ra5 43. Rxa5+ Kxa5 44. Rxg7 Rc1+ 45. Kh2 h5 46. Rh7 Kb6 47. Rxh5 Kc6 48. Rf5 Be7 49. g4 Kd6 50. h4 Ke6 51. e4 Rc4 52. f3 Rc2+ 53. Kg3 Bb4 54. g5 Be1+ 55. Kg4 Rg2+ 56. Kh5 fxg5 57. hxg5 Bd2 58. Kg6 Bf4 59. Rf6+ Ke7 60. Rf5 Rg3 61. Kh5 Rh3+ 62. Kg6 Rxf3 63. Kh7 Rh3+ 64. Kg7 Re3 65. g6 Rxe4 66. Rf7+ Ke6 67. Rf6+ Kd5 68. Kf7 Bh6 69. g7 Bxg7 70. Kxg7 Rg4+ 71. Kf7 Rf4 0-1


[Site "https://www.chess.com"]

[Event "Titled Tuesday Blitz March 21 Early 2023"]
[White "Zohid6"]
[Black "Grot, Blazej"]
[BlackFideId "21835845"]
[WhiteElo "2785"]
[BlackElo "1823"]
[Result "1-0"]
[Round "02"]
[TimeControl "180+2"]
[Date "2023.03.21"]
[WhiteClock "0:00:30"]
[BlackClock "0:00:03"]

1. e4 c5 2. Nf3 e6 3. d4 cxd4 4. Nxd4 Nc6 5. Nc3 Nf6 6. Be2 Bb4 7. O-O Bxc3 8. bxc3 Nxe4 9. Bd3 d5 10. Qg4 O-O 11. Nxc6 bxc6 12. Bxe4 dxe4 13. Qxe4 Qd5 14. Qg4 e5 15. Qg3 Bf5 16. h4 h5 17. Ba3 Rfd8 18. Rfe1 Re8 19. Kh2 Bxc2 20. Re2 Bg6 21. Rae1 a5 22. Bc1 Kh7 23. Rxe5 Rxe5 24. Rxe5 Qxa2 25. Be3 a4 26. Bd4 f6 27. Re7 Rf8 28. Ra7 Rf7 29. Ra8 Rb7 30. Qd6 Qe2 31. Qf8 Bf7 32. Rxa4 Bd5 33. Be3 Qg4 34. Rxg4 hxg4 35. Qe8 Bf7 36. Qxc6 g3+ 37. fxg3 Re7 38. Bd4 Be8 39. Qf3 Bg6 40. h5 Be4 41. Qg4 Kh6 42. Bc5 Re5 43. Be3+ Kh7 44. Bf4 Rd5 45. c4 Rc5 46. Qd7 Rxh5+ 47. Kg1 Ra5 48. c5 Ra2 49. Qh3+ Kg6 50. Qg4+ Kh7 51. Qh5+ Kg8 52. Qe8+ Kh7 53. Qxe4+ 1-0


[Site "https://www.chess.com"]

[Event "Titled Tuesday Blitz March 21 Early 2023"]
[White "Harshavardhan G B"]
[Black "Ronka, Erik"]
[WhiteFideId "25059009"]
[BlackFideId "505080"]
[WhiteElo "2323"]
[BlackElo "2264"]
[Result "0-1"]
[Round "02"]
[TimeControl "180+2"]
[Date "2023.03.21"]
[WhiteClock "0:00:19"]
[BlackClock "0:00:15"]

1. Nf3 d5 2. g3 Nf6 3. Bg2 e6 4. O-O c5 5. d3 Nc6 6. Nbd2 Be7 7. e4 O-O 8. b3 b5 9. a4 b4 10. Bb2 Ba6 11. Re1 Rc8 12. Qe2 Qc7 13. e5 Nd7 14. h4 Rfd8 15. h5 h6 16. Bh3 c4 17. Nf1 cxd3 18. cxd3 Nc5 19. Rad1 Nxb3 20. Ne3 Qb6 21. Ng4 Ncd4 22. Nxd4 Nxd4 23. Qe3 Nc2 24. Qxb6 axb6 25. Re2 b3 26. f4 Nb4 27. Red2 Rc2 28. Nf2 Rxd2 29. Rxd2 Rc8 30. f5 Rc2 31. Rxc2 bxc2 32. fxe6 Na2 33. exf7+ Kxf7 34. Bg2 Bb7 35. Ng4 c1=Q+ 36. Bxc1 Nxc1 37. Bf1 Ba6 38. Ne3 Ke6 39. d4 Bxf1 40. Kxf1 Nb3 41. Nc2 Kf5 42. Kf2 Ke4 43. e6 Nxd4 44. Ne3 Nxe6 45. Nd1 d4 46. Nb2 d3 47. Nc4 Bc5+ 48. Ke1 Nd4 49. Kd2 Nf3+ 50. Kc3 Ne5 51. Nd2+ Kd5 52. Nb3 Be3 53. Kb2 d2 54. Kc2 Nc4 55. Nxd2 Bxd2 56. g4 Bg5 57. a5 bxa5 58. Kb3 Ke4 59. Ka4 Kf4 60. Kb5 Kxg4 61. Kxc4 Kxh5 62. Kb5 Kg4 63. Kxa5 h5 64. Kb5 h4 65. Kc4 Kg3 66. Kd5 h3 67. Ke6 h2 68. Kf5 h1=Q 69. Kg6 Be3 70. Kxg7 Kf4 71. Kg6 Qg2+ 72. Kf6 Qg5+ 73. Ke6 Qf5+ 74. Kd6 Ke4 75. Kc6 Qd5+ 76. Kc7 Ke5 77. Kb8 Qf7 78. Ka8 Kd6 79. Kb8 Qc7+ 80. Ka8 Qa7# 0-1


[Site "https://www.chess.com"]

[Event "Titled Tuesday Blitz March 21 Early 2023"]
[White "Topalov, Aleksandar"]
[Black "Vaishali, Rameshbabu"]
[WhiteFideId "925659"]
[BlackFideId "5091756"]
[WhiteElo "2151"]
[BlackElo "2410"]
[Result "0-1"]
[Round "02"]
[TimeControl "180+2"]
[Date "2023.03.21"]
[WhiteClock "0:01:37"]
[BlackClock "0:01:21"]

1. b3 e5 2. Bb2 Nc6 3. c4 Nge7 4. e3 d5 5. cxd5 Nxd5 6. a3 Be6 7. Qc2 Qd7 8. Nf3 f6 9. d3 g5 10. h3 h5 11. Nbd2 O-O-O 12. O-O-O Be7 13. g3 Kb8 14. Kb1 g4 15. hxg4 hxg4 16. Rxh8 Rxh8 17. Nh4 Rd8 18. Nc4 Nb6 19. Be2 Qe8 20. b4 a6 21. Nxb6 cxb6 22. d4 exd4 23. Bxd4 Nxd4 24. Rxd4 Rc8 25. Qb2 f5 26. Rd1 Qf7 27. Rc1 Ba2+ 28. Ka1 Rxc1+ 29. Qxc1 Bf6+ 0-1


[Site "https://www.chess.com"]

[Event "Titled Tuesday Blitz March 21 Early 2023"]
[White "Postny, Evgeny"]
[Black "Silva, Caio Henrique Angelico"]
[WhiteFideId "2804344"]
[BlackFideId "22777210"]
[WhiteElo "2509"]
[BlackElo "2096"]
[Result "1-0"]
[Round "02"]
[TimeControl "180+2"]
[Date "2023.03.21"]
[WhiteClock "0:01:16"]
[BlackClock "0:00:14"]

1. e4 c6 2. d4 d5 3. Nc3 dxe4 4. Nxe4 Nf6 5. Nxf6+ exf6 6. c3 Bd6 7. Bd3 O-O 8. Ne2 Re8 9. Qc2 h5 10. Be3 Nd7 11. O-O-O Nf8 12. Rhe1 Be6 13. Ng3 Bxg3 14. hxg3 a5 15. Kb1 a4 16. Rh1 g6 17. f3 b5 18. g4 hxg4 19. Qf2 Qd5 20. Qh4 Qxa2+ 21. Kc1 Nh7 22. Qxh7+ Kf8 23. d5 Qxd5 24. Be4 Qc4 25. Rd4 Qe2 26. Rd3 1-0


[Site "https://www.chess.com"]

[Event "Titled Tuesday Blitz March 21 Early 2023"]
[White "Turayev, Shahruh"]
[Black "Meunier-Pion, Jean"]
[WhiteFideId "14003856"]
[BlackFideId "20685327"]
[WhiteElo "2171"]
[BlackElo "2124"]
[Result "1-0"]
[Round "02"]
[TimeControl "180+2"]
[Date "2023.03.21"]
[WhiteClock "0:01:50"]
[BlackClock "0:00:02"]

1. e4 c5 2. Nc3 d6 3. f4 g6 4. Nf3 Bg7 5. Bc4 Nc6 6. O-O e6 7. d3 Nge7 8. Qe1 O-O 9. f5 gxf5 10. Qg3 fxe4 11. dxe4 Ne5 12. Nxe5 dxe5 13. Kh1 Ng6 14. Bg5 f6 15. Be3 Qe7 16. h4 h5 17. Qxg6 Bd7 18. Bh6 Rf7 19. Nd5 exd5 20. Bxd5 Be6 21. Rad1 Bxd5 22. Rxd5 Kh8 23. Qxh5 Bxh6 24. Qxh6+ Kg8 25. Rf3 Raf8 26. Rxc5 Rg7 27. Rcc3 Qe6 28. Rg3 Rf7 29. h5 Qd7 30. Kh2 Qe6 31. Rcd3 Qc8 32. c4 f5 33. exf5 1-0


[Site "https://www.chess.com"]